 Dungeon Crawl Stone Soup version 0.32-a0-43-g058985b245 (webtiles) character file.

Game seed: 5708519689449532705

64 Ceno the Sneak (level 3, -1/19 HPs)
             Began as a Vampire Enchanter on Feb 4, 2024.
             Slain by a scorpion (4 damage)
             ... on level 2 of the Dungeon.
             The game lasted 00:05:09 (1112 turns).

Ceno the Sneak (Vampire Enchanter)                  Turns: 1112, Time: 00:05:09

Health: -1/19      AC:  4    Str:  7    XL:     3   Next: 91%
Magic:  1/7        EV: 16    Int: 19    God:
Gold:   51         SH:  0    Dex: 14    Spells: 2/7 levels left

rFire   . . .        a - +1 dagger
rCold   + + .        (no shield)
rNeg    + + +        f - +0 leather armour
rPois   ∞            (no helmet)
rElec   .            (no cloak)
rCorr   +            k - +0 pair of gloves
SInv    +            (no boots)
Will    .....        j - amulet of the acrobat
Stlth   +++++        d - ring of resist corrosion
HPRegen 0.00/turn    g - +5 ring of evasion
MPRegen 0.10/turn

%: acrobat
@: confusing by touch, bloodless, inhibited regen
A: bloodless, fangs 3, see invisible, vampiric 2
a: Bat Form, Revivify


You were on level 2 of the Dungeon.
You visited 1 branch of the dungeon, and saw 2 of its levels.

You collected 51 gold pieces.

Inventory:

Hand Weapons
 a - a +1 dagger (weapon)
Missiles
 b - 5 poisoned darts
 h - 3 atropa-tipped darts
 i - 26 stones (quivered)
Armour
 f - a +0 leather armour (worn)
 k - a +0 pair of gloves (worn)
Jewellery
 d - a ring of resist corrosion (left hand)
 g - a +5 ring of evasion (right hand)
 j - an amulet of the acrobat (around neck)
Scrolls
 e - 3 scrolls of teleportation {unknown}
Potions
 c - 2 potions of invisibility
 l - a potion of berserk rage {unknown}


   Skills:
 - Level 1.1 Short Blades
 - Level 2.1 Dodging
 + Level 5.6 Stealth
 + Level 2.7 Spellcasting
 + Level 5.4 Hexes


You had 2 spell levels left.
You knew the following spells:

 Your Spells              Type           Power      Damage    Failure   Level
a - Ensorcelled Hibernat  Hex/Ice        24%        N/A       12%         2
b - Confusing Touch       Hex            23%        N/A       8%          3

Your spell library contained the following spells:

 Spells                   Type           Power      Damage    Failure   Level
 Sting                    Conj/Alch      8%         1d3       24%         1
 Mercury Vapours          Alch/Air       4%         N/A       34%         2
 Tukima's Dance           Hex            23%        N/A       8%          3
 Dazzling Flash           Conj/Hex       24%        N/A       24%         3
 Olgreb's Toxic Radiance  Alch           2%         N/A       93%         4


Dungeon Overview and Level Annotations

Branches:
Dungeon (2/15)

Altars:

Shops:
D:1 [[


Innate Abilities, Weirdness & Mutations

You do not regenerate when monsters are visible.
You are frail without blood (-20% HP).
You can heal yourself when you bite living creatures.
You are immune to poison.
You have razor-sharp teeth.
You have supernaturally acute eyesight. (SInv)
You are afflicted with vampirism and can become a bat while bloodless.


Message History

The ribbon worm bites the kobold but does no damage.
The ribbon worm bites itself!
The ribbon worm is killed!
You closely miss the kobold.
The kobold is moderately wounded.
The kobold barely misses you.
You hit the kobold.
The kobold is heavily wounded.
The kobold hits you but does no damage.
You hit the kobold but do no damage.
The kobold is heavily wounded.
The kobold barely misses you.
You hit the kobold but do no damage.
The kobold is heavily wounded.
The kobold barely misses you.
You hit the kobold but do no damage.
The kobold is heavily wounded.
The kobold misses you.
You hit the kobold.
You kill the kobold!
A scorpion comes into view.
Casting: Confusing Touch (extremely dangerous; 8% risk of failure)
Confirm with . or Enter, or press ? or * to list all spells.
Aiming: Ensorcelled Hibernation (safe; 12% risk of failure)
Press: ? - help, Shift-Dir - straight line, f - scorpion
Aim: a scorpion (chance to affect: 46%)
Okay, then.
Casting: Ensorcelled Hibernation (safe; 12% risk of failure)
Confirm with . or Enter, or press ? or * to list all spells.
Your hands begin to glow red.
You hit the scorpion but do no damage. The scorpion stings you.
You closely miss the scorpion.
You bite the scorpion, but do no damage.
The scorpion closely misses you.
You hit the scorpion but do no damage.
You punch the scorpion, but do no damage.
The scorpion stings you.
* * * LOW HITPOINT WARNING * * *
The scorpion stings you.
You die...

##########.#
###[######.###
#.###)..#........#
#####
#.....###.####.#.#
....# ######...###.#
....#
###$###...##....##.#
...... .......#.##.##.#
#.#.####
.......#.##.##.# #. ..
......†#)##.##.#.#.####
.......)[...@s........
.......#.#####.#.#.###
.......#... ..#.#
.###....#### ### #
#.... ..... ##....
.....


You could see a scorpion.

Vanquished Creatures
  An adder (D:2)
  2 gnolls (D:1)
  A ribbon worm (D:2)
  A dart slug (D:1)
  3 endoplasms (D:1)
  2 giant cockroaches (D:1)
  A hobgoblin (D:1)
  4 jackals (D:1)
  3 kobolds
  3 ball pythons (D:1)
  4 bats (D:1)
  3 goblins (D:1)
  2 rats
30 creatures vanquished.

Notes
Turn   | Place    | Note
-------+----------+-------------------------------------------
     0 | D:1      | Ceno the Vampire Enchanter began the quest for the Orb.
     0 | D:1      | Reached XP level 1. HP: 13/13 MP: 3/3
    72 | D:1      | Found Katug's Antique Armour Boutique.
   231 | D:1      | Reached XP level 2. HP: 15/19 MP: 5/5
   234 | D:1      | Learned a level 2 spell: Ensorcelled Hibernation
   254 | D:1      | Reached skill level 5 in Stealth
   282 | D:1      | Found Hag Byeg's Antique Armour Boutique.
   383 | D:1      | Reached skill level 5 in Hexes
   383 | D:1      | Gained mutation: You are afflicted with vampirism and can
                  | become a bat while bloodless. [Vampire growth]
   383 | D:1      | Reached XP level 3. HP: 23/24 MP: 1/6
   589 | D:1      | Learned a level 3 spell: Confusing Touch
  1107 | D:2      | Noticed a scorpion
  1112 | D:2      | Slain by a scorpion

Illustrated notes

Levels and vault maps discovered:
D:1:      eino_arrival_water_cross, layout_loops_ring, serial_shops, shop, shop,
          minivault_4
D:2:      layout_basic

Skill      XL: |  1  2 |
---------------+-------+-----
Stealth        | 5 |  5.6
Hexes          | 5 |  5.4
Short Blades   | |  1.1
Dodging        | |  2.1
Spellcasting   | |  2.7

Action                     || total
---------------------------++-------
  Melee: Dagger            ||    93
         Bite              ||    10
         Punch             ||     1
   Cast: Ensorcelled Hiber ||     7
         Confusing Touch   ||     7
Ability: Exsanguinate      ||     1
   Stab: Sleeping          ||    10
         Confused          ||     2
 Armour: Leather armour    ||    33
  Dodge: Dodged            ||    64

Table legend: (Time is in decaauts)
 A = Elapsed time spent in this place.
 B = Non-inter-level travel time spent in this place.
 C = Inter-level travel time spent in this place.
 D = Time resting spent in this place.
 E = Time spent auto-exploring this place.
 F = Levels seen in this place.
 G = Mean time per level.
                   A        B        C        D        E       F      G
               +--------+--------+--------+--------+--------+-----+--------+
         Total |   1106 |   1074 |     32 |    127 |    289 |   2 |  553.0 |
       Dungeon |   1106 |   1074 |     32 |    127 |    289 |   2 |  553.0 |
               +--------+--------+--------+--------+--------+-----+--------+

Top non-repeatable levels by time:
     D:1: 953 daAuts
     D:2: 152 daAuts
